 Dungeon Crawl Stone Soup version 0.29-a0-789-g7a8fcbc185 (webtiles) character file.

Game seed: 990115959080779088

179 polve the Agent of Entropy (level 5, -8/41 HPs)
             Began as a Demonspawn Abyssal Knight on July 2, 2022.
             Was a Priest of Lugonu.
             Mangled by Crazy Yiuf
             ... wielding a +2 quarterstaff of chaos
              (13 damage)
             ... on level 3 of the Dungeon.
             The game lasted 00:04:02 (4891 turns).

polve the Agent of Entropy (DsAK)                   Turns: 4891, Time: 00:04:03

Health: -8/41      AC: 10    Str: 15      XL:     5   Next: 33%
Magic:  8/8        EV:  6    Int: 12      God:    Lugonu [***...]
Gold:   252        SH:  0    Dex: 12 (13) Spells: 4/4 levels left

rFire   . . .      SeeInvis .   a - +0 rapier
rCold   . . .      Faith    .   (no shield)
rNeg    + . .      Spirit   .   i - +0 chain mail
rPois   .          Reflect  .   h - +0 helmet
rElec   .          Harm     .   (no cloak)
rCorr   .          Rampage  .   n - +0 pair of gloves
Will    .....                   (no boots)
Stlth   ..........              (no amulet)
HPRegen 0.13/turn               f - ring of positive energy
MPRegen 0.11/turn               (no ring)

@: lethally poisoned (-8 -> -22), slowed, very slow
A: demonic touch 2
a: Renounce Religion, Depart the Abyss, Bend Space, Banish


You were on level 3 of the Dungeon.
You worshipped Lugonu.
Lugonu was most pleased with you.
You visited 1 branch of the dungeon, and saw 4 of its levels.
You visited the Abyss 1 time.

You collected 252 gold pieces.

Inventory:

Hand Weapons
 a - a +0 rapier (weapon)
Armour
 h - a +0 helmet (worn)
 i - a +0 chain mail (worn)
 n - a +0 pair of gloves (worn)
Jewellery
 f - a ring of positive energy (left hand)
Wands
 o - a wand of paralysis (5)
Scrolls
 c - 4 scrolls of teleportation {unknown}
 d - a scroll of amnesia {unknown}
 e - 3 scrolls of identify {unknown}
 g - 2 scrolls of silence {unknown}
 k - 3 scrolls of enchant armour {unknown}
 l - a scroll of blinking {unknown}
 m - a scroll of fog {unknown}
 p - a scroll of enchant weapon {unknown}
Potions
 b - 2 potions of mutation {unknown}
 j - a potion of degeneration
 q - a potion of lignification {unknown}


   Skills:
 - Level 3.0 Fighting
 - Level 4.0 Short Blades
 - Level 1.7 Armour
 - Level 0.8 Dodging
 + Level 5.2 Invocations


You had 4 spell levels left.
You didn't know any spells.
Your spell library contained the following spells:

 Spells                   Type           Power      Damage    Failure   Level
 Summon Small Mammal      Summ           0%         N/A       100%        1
 Blink                    Tloc           0%         N/A       100%        2
 Call Canine Familiar     Summ           0%         N/A       100%        3
 Gell's Gravitas          Tloc           0%         N/A       100%        3
 Lesser Beckoning         Tloc           0%         N/A       100%        3
 Summon Guardian Golem    Hex/Summ       0%         N/A       100%        3
 Teleport Other           Tloc           0%         N/A       100%        3
 Manifold Assault         Tloc           0%         N/A       100%        5
 Storm Form               Tmut/Air       0%         N/A       100%        7


Dungeon Overview and Level Annotations

Branches:
Dungeon (4/15)             Temple (0/1) D:4

Altars:
Kikubaaqudgha
Uskayaw
Wu Jian

Annotations:
D:3 Crazy Yiuf


Innate Abilities, Weirdness & Mutations

Your touch may inflict irresistible damage on your foes.


Message History

You see here a +0 long sword.
There is a stone staircase leading up here.
You climb upwards.
Level annotation: 1 runed translucent door, Crazy Yiuf
There is a stone staircase leading down here.
There is an escape hatch in the floor here.
Crazy Yiuf shouts!
You open the door. You hit Crazy Yiuf.
Crazy Yiuf is lightly wounded.
Crazy Yiuf hits you with a +2 quarterstaff of chaos.
You are poisoned.
You puncture Crazy Yiuf!
Crazy Yiuf is heavily wounded.
You feel sick. Crazy Yiuf hits you but does no damage.
You hit Crazy Yiuf.
Crazy Yiuf is heavily wounded.
You feel sick. Crazy Yiuf hits you but does no damage.
You feel yourself slow down.
You hit Crazy Yiuf but do no damage.
Crazy Yiuf is heavily wounded.
You feel sick.
Crazy Yiuf screams, "Papa!
Iron Hive spinner."
Crazy Yiuf hits you with a +2 quarterstaff of chaos.
You barely miss Crazy Yiuf.
Crazy Yiuf is heavily wounded.
You feel sick.
Crazy Yiuf waves his quarterstaff at you.
Crazy Yiuf hits you with a +2 quarterstaff of chaos!
You are lethally poisoned!
Crazy Yiuf says, "Ten blue hand!"
Crazy Yiuf hits you with a +2 quarterstaff of chaos!
* * * LOW HITPOINT WARNING * * *
You closely miss Crazy Yiuf.
Crazy Yiuf is heavily wounded.
* * * LOW HITPOINT WARNING * * *
You feel very sick.
Crazy Yiuf whimpers, "Fluff childish dark!"
Crazy Yiuf hits you with a +2 quarterstaff of chaos!
You die...

##♣♣♣♣♣ #########
###...♣.♣♣♣ ###
#........
##......♣..♣#...#
#..≈≈≈≈≈≈
#....P.♣♣♣♣@g...#
#..≈.....
#..#.P♣♣ ♣♣#..)#
#..≈.♣♣♣. #.###♣♣
### #..≈.♣... #.#
##†.≈.♣._. #.#
#...≈.♣... #.#
####..≈.♣.♣♣ #.#
#.....≈..... #.#
####..≈≈≈≈≈≈ #.#
#######
##........


You could see Crazy Yiuf.

Vanquished Creatures
  A scorpion (D:4)
  A hound (D:4)
  A gnoll (D:1)
  An ufetubus (D:4)
  2 worms
  2 dart slugs (D:1)
  3 orcs
  9 bats
  6 endoplasms
  5 giant cockroaches
  4 goblins
  5 hobgoblins
  3 jackals (D:3)
  2 quokkas (D:1)
  8 ball pythons
  4 frilled lizards
  4 kobolds
  6 rats
67 creatures vanquished.

Notes
Turn   | Place    | Note
-------+----------+-------------------------------------------
     0 | Abyss:1  | polve the Demonspawn Abyssal Knight began the quest for the
                  | Orb.
     0 | Abyss:1  | Reached XP level 1. HP: 18/18 MP: 2/2
    49 | Abyss:1  | Noticed a freezing wraith
    50 | D:1      | Escaped the Abyss
   353 | D:1      | Gained mutation: Your touch may inflict minor irresistible
                  | damage on your foes. [demonic ancestry]
   353 | D:1      | Reached XP level 2. HP: 21/24 MP: 3/3
   407 | D:1      | Reached ** piety under Lugonu
   611 | D:1      | Found a faded altar of an unknown god.
  1074 | D:1      | Reached XP level 3. HP: 26/29 MP: 4/4
  2537 | D:3      | Found an ancient bone altar of Kikubaaqudgha.
  2631 | D:3      | Reached XP level 4. HP: 35/35 MP: 5/5
  2691 | D:3      | Found a hide-covered altar of Uskayaw.
  2952 | D:3      | Found an ornate altar of the Wu Jian Council.
  2954 | D:3      | Reached *** piety under Lugonu
  3198 | D:3      | Found a runed translucent door.
  3199 | D:3      | Noticed Crazy Yiuf
  3249 | D:4      | Noticed a scorpion
  3257 | D:4      | Killed a scorpion
  3258 | D:4      | Reached skill level 4 in Invocations
  3293 | D:4      | Found a staircase to the Ecumenical Temple.
  3462 | D:4      | Gained mutation: Your touch may inflict irresistible damage
                  | on your foes. [demonic ancestry]
  3462 | D:4      | Reached XP level 5. HP: 31/41 MP: 8/8
  3642 | D:4      | Reached skill level 5 in Invocations
  4891 | D:3      | Mangled by Crazy Yiuf

Illustrated notes

Levels and vault maps discovered:
D:1:      minmay_arrival_loop, layout_basic,
          shapermc_ecumenical_altar_starsandcircs, minmay_distorted
D:2:      layout_rooms, kennysheep_doodads
D:3:      layout_rooms, nicolae_wu_jian_immortal_techniques,
          mainiacjoe_overflow_brackets,
          nicolae_uskayaw_murder_on_the_dancefloor, mrwooster_statue_mirror,
          uniq_crazy_yiuf_cottage
D:4:      layout_layer_cave, minmay_temple_entry_overgrown, chequers_jeans,
          minmay_tree_intersection, minmay_misc_feat_iff

Skill      XL: |  1  2  3  4  5 |
---------------+----------------+-----
Short Blades   | 2 3 4 |  4.0
Invocations    | 4 5 |  5.2
Fighting       | |  3.0
Armour         | |  1.7
Dodging        | |  0.8

Action                   |  1- 3 |  4- 6 || total
-------------------------+-------+-------++-------
Melee: Short sword       |   102 |       ||   102
       Touch             |    21 |    11 ||    32
       Rapier            |    44 |    72 ||   116
Invok: Depart the Abyss  |     1 |       ||     1
  Use: Potion            |       |     2 ||     2
Armor: Scale mail        |    46 |       ||    46
       Chain mail        |    19 |    53 ||    72
Dodge: Dodged            |    72 |    17 ||    89

Table legend: (Time is in decaauts)
 A = Elapsed time spent in this place.
 B = Non-inter-level travel time spent in this place.
 C = Inter-level travel time spent in this place.
 D = Time resting spent in this place.
 E = Time spent auto-exploring this place.
 F = Levels seen in this place.
 G = Mean time per level.
                   A        B        C        D        E       F      G
               +--------+--------+--------+--------+--------+-----+--------+
         Total |   4889 |   4690 |    199 |      0 |   4144 |   5 |  977.8 |
       Dungeon |   4839 |   4640 |    199 |      0 |   4095 |   4 | 1209.8 |
         Abyss |     50 |     50 |      0 |      0 |     49 |   1 |   50.0 |
               +--------+--------+--------+--------+--------+-----+--------+

Top non-repeatable levels by time:
     D:1: 1755 daAuts
     D:4: 1395 daAuts
     D:3: 1097 daAuts
     D:2: 592 daAuts
 Abyss:1: 50 daAuts
